[Event "Lliga Catalana 2024"]
[Site "Catalonia"]
[Date "2024.02.24"]
[Round "6.10"]
[White "Diaz Comas, Jordi"]
[Black "Albet Serra, Jordi"]
[Result "1/2-1/2"]
[ECO "B29"]
[WhiteElo "1836"]
[BlackElo "1918"]
[Annotator "ChessBase"]
[PlyCount "112"]
[EventDate "2024.01.18"]
[EventType "team-tourn"]
[EventCountry "ESP"]
[SourceTitle "playchess.com"]
[Source "ChessBase"]
[SourceQuality "1"]
[TimeControl "5400+30"]

1. e4 c5 2. Nf3 Nf6 3. e5 Nd5 4. Nc3 Nxc3 5. bxc3 e6 6. d4 d5 7. Bd3 Qa5 8. Bd2 c4 9. Be2 Ba3 10. Rb1 Nc6 11. O-O h6 12. h4 b6 13. g3 Bd7 14. Re1 O-O-O 15. Bf1 Ne7 16. Bh3 Nf5 17. Kg2 Rdg8 18. Qe2 Kb7 19. Rh1 Qa4 20. Qd1 Be7 21. Rb2 Qa3 22. Qc1 Qa5 23. Qd1 g5 24. Bxf5 exf5 25. hxg5 hxg5 26. Rxh8 Rxh8 27. Bxg5 Qxc3 28. Qa1 Qa3 29. c3 Kc7 30. Qc1 Rh5 31. Bxe7 Qxe7 32. Qf4 Kb7 33. Rb1 Qa3 34. Qd2 f4 35. Rh1 Rxh1 36. Kxh1 fxg3 37. fxg3 Ka6 38. Ng5 Qf8 39. Qf4 Qh6+ 40. Kg1 Qg6 41. Qxf7 Qxg5 42. Qxd7 Qxg3+ 43. Kh1 Qxc3 44. e6 Qa1+ 45. Kg2 Qxa2+ 46. Kg3 Qb3+ 47. Kg4 Qd1+ 48. Kf5 Qh5+ 49. Kf6 Qh8+ 50. Kf7 Qh7+ 51. Kf8 Qh8+ 52. Kf7 Qh7+ 53. Kf8 Qh8+ 54. Kf7 Qh7+ 55. Kf6 Qh8+ 56. Kf5 Qh5+ 1/2-1/2

[Event "Lliga Catalana 2024"]
[Site "Catalonia"]
[Date "2024.03.02"]
[Round "7.1"]
[White "Asis Gargatagli, Hipolito"]
[Black "Castillo Dalmau, Albert"]
[Result "1-0"]
[ECO "B12"]
[WhiteElo "2493"]
[BlackElo "2313"]
[Annotator "TA"]
[PlyCount "77"]
[EventDate "2024.01.18"]
[EventType "team-tourn"]
[EventCountry "ESP"]
[SourceTitle "playchess.com"]
[Source "ChessBase"]
[SourceQuality "1"]
[TimeControl "5400+30"]

1. e4 c6 2. d4 d5 3. e5 Bf5 4. Nf3 e6 5. Be2 Nd7 6. O-O Ne7 7. c3 h6 8. Na3 Bh7 9. Nc2 c5 10. dxc5 Nc6 (10... Nxc5 $11 {remains equal.} 11. Nfd4 a6) 11. b4 $16 Be7 12. Ncd4 O-O (12... Ncxe5 $16 13. Nxe5 Nxe5) 13. Nxc6 $18 bxc6 14. Bf4 a5 15. a3 Qc7 16. Bd3 Bxd3 17. Qxd3 Ra7 18. Nd4 axb4 19. axb4 {[%emt 0:00:47] Rxa7 would now be deadly.} Rfa8 20. Rae1 Nf8 21. Bc1 Qd7 22. f4 f5 (22... Bd8 $142 23. f5 exf5 24. Nxf5 Qe6) 23. Qh3 Kh7 (23... Ng6 $142 24. Qh5 Nf8) 24. g4 g6 25. Kh1 Ra2 26. Rg1 R8a6 $2 (26... Rf2 27. gxf5 exf5) 27. gxf5 exf5 28. e6 Qe8 {[%emt 0:00:48] [#]} 29. Nxf5 $1 gxf5 30. Qxf5+ Ng6 31. Qh5 {[%emt 0:00:29] White threatens f5 and mate.} Rc2 32. f5 {[%emt 0:00:45][%csl LRg6,LRh6] White mates.} Rxc1 33. Rxc1 Ra2 34. Rxg6 Qf8 35. Rcg1 Bf6 {[%emt 0:01:43] [#]} 36. e7 $1 Bxe7 {[%emt 0:00:24] [#]} (36... Rxh2+ 37. Qxh2) 37. Rxh6+ $3 Qxh6 38. Qf7+ Kh8 39. Rg8# {[%emt 0:06:04] Black did not feel at home in the position after the opening.   Weighted Error Value: White=0.09 (flawless) /Black=0.36.  Mistake:       	---       	Black=5      OK:         	White=13    	Black=4      Best:        	White=1     	Black=1} 1-0

[Event "Lliga Catalana 2024"]
[Site "Catalonia"]
[Date "2024.03.02"]
[Round "7.1"]
[White "Solodovnichenko, Yuri"]
[Black "Edouard, Romain"]
[Result "1-0"]
[ECO "C17"]
[WhiteElo "2481"]
[BlackElo "2523"]
[Annotator "TA"]
[PlyCount "97"]
[EventDate "2024.01.18"]
[EventType "team-tourn"]
[EventCountry "ESP"]
[SourceTitle "playchess.com"]
[Source "ChessBase"]
[SourceQuality "1"]
[TimeControl "5400+30"]

1. e4 e6 2. d4 d5 3. Nc3 Bb4 4. e5 c5 5. Bd2 Nh6 6. dxc5 Nc6 7. Nf3 Bxc5 {[%emt 0:07:59] ...Ng4 is the strong threat.} 8. Bb5 (8. Bxh6 $14 gxh6 9. Qd2) 8... Nf5 $11 9. O-O O-O 10. Bd3 h6 11. Re1 a6 12. g4 {[%emt 0:06:02][%cal Oc3a4] aiming for Na4!} Nfe7 13. Qc1 (13. g5 $15 h5 14. Nh4) 13... f6 14. Bxh6 Nxe5 15. Nxe5 fxe5 16. Rxe5 {[%emt 0:05:10][%cal Oh6g7] [#] Strongly threatening Bxg7!} Ng6 $1 17. Qg5 Qf6 (17... gxh6 18. Qxg6+ Kh8 19. Qh7#) 18. Qxf6 (18. Bxg6 $2 Qxf2+ 19. Kh1 Qf3#) 18... Rxf6 19. Bxg6 gxh6 20. Bd3 Rxf2 (20... Bxf2+ 21. Kg2 $17) 21. Kh1 Bd7 22. Rg1 (22. Rh5 $17 {was necessary.}) 22... Kf7 23. Rg2 Bc6 (23... Rf6 $19 24. Ne2 Rg8) 24. Rxf2+ $17 Bxf2 25. Kg2 Bd4 26. Rh5 Bg7 27. Kg3 e5 28. Bf1 Rd8 29. Bg2 (29. Nd1 $17) 29... e4 30. Rf5+ (30. Kf2 $17) 30... Ke6 $19 31. Kh4 (31. Ne2 $142) 31... Bf6+ 32. Kh3 (32. Kg3 $142) 32... Bg5 (32... Rg8 $19 {has better winning chances. And now ...Rg5 would win.} 33. Ne2 Bxb2) 33. Kg3 $17 Bd2 34. h4 (34. Ne2 $142) 34... e3 $2 (34... Kd6 $17 {Hoping for ...Be1+.} 35. a4 Rg8) 35. Ne2 $11 d4 {[%emt 0:00:29] [#]} (35... Ke7 $11) 36. Bxc6 $1 $18 bxc6 {[%emt 0:00:00][%mdl 4096] Endgame. KRB-KRN} 37. Rh5 Ke7 38. Kf4 (38. Rxh6 $6 c5 $11) 38... Kd6 $2 (38... Rb8 $16 {was called for.}) 39. Ke4 (39. Nxd4 e2+ 40. Ke4 e1=Q+ (40... e1=R+ $2 41. Kd3 $19) 41. Kd3 Qe3+ 42. Kc4 Kc7 43. c3 Rxd4+ 44. Kb3 Qe6+ (44... Rxg4 45. Rf5 Qe6+ 46. Kc2 Qe4+ 47. Kd1 Rg1+ 48. Rf1 Rxf1+ 49. Kxd2 Rf2+ 50. Kd1 Qh1#) 45. Kc2 Bxc3 (45... Rxg4 46. a3 Rg2 47. Rc5) (45... Rxg4 46. a3 Rg2 47. Rc5)) 39... Rg8 40. Rxh6+ (40. Kxd4 Rxg4+ 41. Kd3 Rg6 $16) 40... Kc5 41. g5 {[%emt 0:00:00][%cal Bg4g5,Bg5g6,Bg6g7][%mdl 32] White is clearly winning.} (41. Nxd4 $2 {is the wrong capture.} Rxg4+ 42. Kf3 Rf4+ (42... Rxd4 $2 43. c3 $19) 43. Ke2 Kxd4 $19) 41... d3 42. cxd3 Rf8 43. d4+ Kb5 44. Rf6 Rh8 45. Rf4 {[%emt 0:00:16] Black must now prevent g6.} c5 46. g6 Re8+ 47. Kf3 Kc4 48. dxc5+ (48. h5 $142 Rg8 49. dxc5+ Kd5 50. Rf5+ Ke6 51. Nd4+ Kd7 52. Rf7+ Kd8 53. c6) 48... Kd3 49. g7 {[%emt 0:00:23] Weighted Error Value: White=0.22 (precise) /Black=0.54.  Loses game:     	---       	Black=1      Mistake:       	White=8     	Black=4      Inaccurate:     	White=2     	Black=5      OK:         	White=9     	Black=11     Best:        	White=6     	---        Strong:       	White=1     	---} 1-0

[Event "Lliga Catalana 2024"]
[Site "Catalonia"]
[Date "2024.03.02"]
[Round "7.2"]
[White "Panelo Munoz, Marcelo A."]
[Black "Campos Moreno, Javier B."]
[Result "1/2-1/2"]
[ECO "D38"]
[WhiteElo "2327"]
[BlackElo "2403"]
[Annotator "RC"]
[PlyCount "27"]
[EventDate "2024.01.18"]
[EventType "team-tourn"]
[EventCountry "ESP"]
[SourceTitle "playchess.com"]
[Source "ChessBase"]
[SourceQuality "1"]
[TimeControl "5400+30"]

1. d4 d5 2. c4 e6 3. Nf3 Nf6 4. Nc3 Nbd7 5. cxd5 exd5 6. Bg5 Bb4 7. e3 c5 8. Bd3 Qa5 9. Qc2 O-O 10. O-O c4 11. Bf5 Re8 12. Nd2 g6 13. Bh3 Bxc3 14. Qxc3 1/2-1/2

[Event "Lliga Catalana 2024"]
[Site "Catalonia"]
[Date "2024.03.02"]
[Round "7.2"]
[White "Rojano Alfonso, Carlos"]
[Black "Movsziszian, Karen"]
[Result "1/2-1/2"]
[ECO "B06"]
[WhiteElo "2240"]
[BlackElo "2439"]
[Annotator "RC"]
[PlyCount "101"]
[EventDate "2024.01.18"]
[EventType "team-tourn"]
[EventCountry "ESP"]
[SourceTitle "playchess.com"]
[Source "ChessBase"]
[SourceQuality "1"]
[TimeControl "5400+30"]

1. e4 d6 2. d4 g6 3. Nc3 Bg7 4. Nf3 a6 5. h4 Nf6 6. Bg5 Nc6 7. Qd2 h5 8. O-O-O b5 9. Bd3 Ng4 10. Nd5 O-O 11. Kb1 f6 12. Bf4 e6 13. Ne3 e5 14. dxe5 dxe5 15. Bg3 Kh7 16. Nh2 Nxe3 17. Qxe3 Qe7 18. f3 Bh6 19. Qg1 Nd4 20. Bf2 c5 21. c3 Ne6 22. g4 c4 23. Bc2 Rb8 24. Be1 a5 25. Nf1 b4 26. Ne3 b3 27. axb3 cxb3 28. Bd3 Nf4 29. Nd5 Nxd5 30. exd5 f5 31. gxh5 gxh5 32. d6 Qxd6 33. Qa7+ Kh8 34. Bf2 Rb7 35. Qxa5 Qc7 36. Qa6 Bg7 37. Rhg1 Rf6 38. Qc4 Be6 39. Qxc7 Rxc7 40. Bb5 Bf7 41. Rd8+ Kh7 42. c4 Rb7 43. Bc5 Bg6 44. Kc1 Bh6+ 45. Kd1 e4 46. Ke2 Re6 47. Rgd1 exf3+ 48. Kxf3 Re4 49. R1d7+ Rxd7 50. Rxd7+ Kg8 51. Bc6 1/2-1/2

[Event "Lliga Catalana 2024"]
[Site "Catalonia"]
[Date "2024.03.02"]
[Round "7.3"]
[White "Dominguez Pons, Eric"]
[Black "Martinez Pla, Xavier"]
[Result "1/2-1/2"]
[ECO "E17"]
[WhiteElo "2328"]
[BlackElo "2251"]
[Annotator "TA"]
[PlyCount "30"]
[EventDate "2024.01.18"]
[EventType "team-tourn"]
[EventCountry "ESP"]
[SourceTitle "playchess.com"]
[Source "ChessBase"]
[SourceQuality "1"]
[TimeControl "5400+30"]

1. d4 Nf6 2. Nf3 e6 3. c4 b6 4. g3 Bb7 5. Bg2 Be7 6. O-O O-O 7. Re1 Ne4 8. Nfd2 d5 9. cxd5 exd5 10. Nxe4 dxe4 11. Nc3 f5 12. Bf4 Nc6 13. e3 Bd6 14. Bxd6 cxd6 {[%emt 1:21:35] [#]} 15. b4 $1 Qd7 {[%emt 0:00:00] An uneventful encounter.   Weighted Error Value: White=0.04 (flawless) /Black=0.02 (flawless) .  OK:         	White=4     	Black=2      Best:        	---       	Black=1} (15... Rf7 16. a3) 1/2-1/2

[Event "Lliga Catalana 2024"]
[Site "Catalonia"]
[Date "2024.03.02"]
[Round "7.3"]
[White "Lazaro Pujol, Abel"]
[Black "Zhukov, Dmitry"]
[Result "0-1"]
[ECO "B33"]
[WhiteElo "2301"]
[BlackElo "2308"]
[Annotator "TA"]
[PlyCount "70"]
[EventDate "2024.01.18"]
[EventType "team-tourn"]
[EventCountry "ESP"]
[SourceTitle "playchess.com"]
[Source "ChessBase"]
[SourceQuality "1"]
[TimeControl "5400+30"]

1. e4 c5 2. Nf3 Nc6 3. d4 cxd4 4. Nxd4 Nf6 5. Nc3 e5 6. Ndb5 d6 7. Bg5 a6 8. Na3 b5 9. Bxf6 gxf6 10. Nd5 f5 11. Bd3 Be6 12. O-O Bxd5 13. exd5 Ne7 $1 14. Re1 Bg7 {[%emt 0:00:29][%cal Oe5e4] ...e4! would now be deadly.} (14... Nxd5 $2 {loses.} 15. Bxb5+ (15. Bxf5 Ne7 $16) 15... axb5 16. Qxd5 $18) 15. c3 Qd7 (15... Nxd5 $2 {is the wrong capture.} 16. Bxb5+ (16. Bxf5 Ne7 $16) 16... axb5 17. Qxd5 $18) 16. Bf1 {[%emt 0:01:40] The position is equal.} O-O 17. Nc2 Rab8 18. g3 f4 19. gxf4 f5 20. fxe5 dxe5 21. d6 (21. Nb4 $14) 21... Ng6 $15 {[%emt 0:07:04][%mdl 1024] Black has compensation.} 22. Nb4 Rb6 23. Qd5+ Kh8 24. Rad1 {[%emt 0:00:54] Hoping for Qc5.} Rd8 $1 25. Qc5 Rxd6 26. Qxd6 Qxd6 27. Rxd6 Rxd6 28. Nc2 {[%emt 0:08:27] [#]} Nh4 $1 29. Re3 {[%emt 0:04:11] [#] Repels Nf3+. This costs White the game.} ({White should try} 29. Kh1 $15) 29... e4 $1 $19 30. Kh1 Be5 31. Be2 $2 (31. Re2) 31... Rd2 {[%emt 0:01:43] Black is clearly winning.} 32. Nd4 (32. Nb4 $142) 32... Rxb2 {[%emt 0:01:42] ( -> ...Rb1+)} 33. Bd1 Rxf2 34. Be2 {[%emt 0:00:32] Repels Rf1+} Rxh2+ 35. Kg1 Bf4 {[%emt 0:35:10] Weighted Error Value: White=0.70/Black=0.02 (flawless) .  Mistake:       	White=4     	---        Inaccurate:     	White=1     	---        OK:         	White=9     	Black=8      Best:        	---       	Black=2      Strong:       	---       	Black=3} 0-1

[Event "Lliga Catalana 2024"]
[Site "Catalonia"]
[Date "2024.03.02"]
[Round "7.4"]
[White "Alfaro Rojas, Alfonso Jose"]
[Black "Lemeshev, Ilya"]
[Result "1-0"]
[ECO "A05"]
[WhiteElo "2301"]
[BlackElo "2236"]
[Annotator "TA"]
[PlyCount "95"]
[EventDate "2024.01.18"]
[EventType "team-tourn"]
[EventCountry "ESP"]
[SourceTitle "playchess.com"]
[Source "ChessBase"]
[SourceQuality "1"]
[TimeControl "5400+30"]

1. Nf3 Nf6 2. g3 g6 3. Bg2 Bg7 4. O-O O-O 5. d3 c5 6. e4 Nc6 7. Nbd2 b5 8. a4 {[%emt 0:03:22] [#] Threatens to win with e5.} b4 9. e5 Ng4 (9... Ne8 $11) 10. Re1 (10. Nh4 $16) 10... Ba6 11. Nb3 d6 12. exd6 exd6 13. h3 (13. Ng5 {with more complications.} Nge5 14. f4 c4 15. fxe5 cxb3 16. e6) 13... Nf6 14. Bf4 Qd7 15. Qc1 Rfe8 16. Rxe8+ Rxe8 17. Bh6 Bh8 18. Qd2 Bb7 (18... Ne7 $17) 19. Re1 $15 Nd5 20. Rxe8+ Qxe8 21. Ng5 Nd4 22. Nxd4 Bxd4 23. Ne4 $40 {[%emt 0:00:58][%mdl 128] White has some attack.} Qd7 (23... Qxa4 $2 24. Nxd6 Ba8 25. Qg5 $18) 24. c3 Bh8 25. d4 cxd4 (25... bxc3 $1 $11 26. bxc3 c4) 26. c4 $16 {[%emt 0:01:22] White is more active.} (26. cxb4 a6 $14) (26. cxd4 a5 $11) 26... Nc3 27. bxc3 $18 dxc3 {[%emt 0:00:53] [#]} 28. Qd1 (28. Qxd6 $2 Qxd6 29. Nxd6 Bxg2 $19) (28. Qf4 $142 $1 {Threatening mate with Nf6+.} Bxe4 (28... Qxa4 29. Nf6+ Bxf6 30. Qxf6 Qd1+ 31. Kh2) 29. Qxe4) 28... Bc6 $16 29. Nxd6 Bxg2 (29... Bxa4 $2 30. Qf3 $18) 30. Kxg2 Be5 $2 {[%emt 0:00:13] White leaves nothing to chance now.} (30... Bg7 $1 $14 31. Bxg7 Kxg7 32. Qd4+ f6) 31. c5 $18 Qc6+ 32. Kg1 (32. Qf3 Qxf3+ 33. Kxf3 b3 $19) 32... Qxc5 33. Nb5 Qe7 {[%emt 0:04:39] Wards off Qd8+} (33... Bf6 $142) 34. Qd5 Qe8 {[%emt 0:02:22] Inhibits Qa8.} (34... Bg7 $16 35. Qa8+ Qf8 36. Qxf8+ (36. Qxa7 $2 Bxh6 37. Qc7 Qe8 $19) 36... Kxf8 37. Bxg7+ Kxg7) 35. Nd6 (35. Nxa7 Bg7 36. Bxg7 Kxg7 $11) 35... Bxd6 36. Qxd6 c2 37. Qxb4 (37. Qc5 $142 b3 38. Qc3 (38. Qxa7 $2 b2 $19)) 37... Qc8 38. Qb2 f6 39. Qb3+ ({Weaker is} 39. Qxf6 c1=Q+ 40. Bxc1 Qxc1+ 41. Kh2 Qc5 42. Qe6+ Kg7 $16) 39... Kh8 40. Qe3 $2 (40. Kh2 $18 {Intending Qf7 and mate.} c1=Q 41. Bxc1) 40... Kg8 (40... g5 $16 {is more resistant.} 41. Qc1 (41. Qxa7 $2 {too greedy.} c1=Q+ 42. Kh2 Q1c7 $19) 41... Kg8) 41. Qb3+ Kh8 42. Bc1 {[%emt 0:00:02] Qf7 would now be deadly.} Kg7 43. h4 Qc6 44. Qe3 Qxa4 (44... Qc7 $142 45. Qd4 h5) 45. Qe7+ Kg8 46. Qxf6 Qe4 47. Kh2 Qc4 48. Bh6 {[%emt 0:00:45] Weighted Error Value: White=0.73/Black=0.51.  Loses game:     	---       	Black=2      Mistake:       	White=2     	Black=6      Inaccurate:     	White=5     	Black=3      OK:         	White=12    	Black=9      Best:        	White=5     	Black=4} 1-0

[Event "Lliga Catalana 2024"]
[Site "Catalonia"]
[Date "2024.03.02"]
[Round "7.4"]
[White "Ventura Bolet, Maxim"]
[Black "Adan Bermudez, Sergio"]
[Result "1-0"]
[ECO "A09"]
[WhiteElo "2233"]
[BlackElo "2303"]
[Annotator "TA"]
[PlyCount "57"]
[EventDate "2024.01.18"]
[EventType "team-tourn"]
[EventCountry "ESP"]
[SourceTitle "playchess.com"]
[Source "ChessBase"]
[SourceQuality "1"]
[TimeControl "5400+30"]

1. Nf3 d5 2. e3 c5 3. c4 d4 4. b4 f6 5. exd4 cxd4 6. c5 e5 7. Bc4 a5 8. Qb3 {[%emt 0:14:48] The position is equal.} Nh6 {[%emt 0:06:48] Prevents Bf7+.} 9. d3 axb4 10. Bxh6 gxh6 11. Bf7+ Ke7 12. Bg8 ({White should try} 12. O-O $1 $11) 12... Qe8 13. O-O Bg7 (13... Rxg8 $15 14. Qxg8 Qf7) 14. Bd5 ({Better is} 14. Bc4 $1 $14) 14... Qa4 $1 $11 {[%emt 0:02:51] aiming for ...Qxb3.} 15. Qb2 Rd8 16. Bb3 Qb5 17. Qe2 Na6 {[%emt 0:24:37] [#]} 18. Bc4 {[%emt 0:00:00] Some like it hot} ({Only move:} 18. Qe4 $1 $16 Nxc5 (18... Qxc5 $2 19. Qxh7 Rf8 20. Qxg7+ $18) 19. Qxh7 Nxb3 20. Qxg7+ Ke6 21. Nbd2) 18... Qc6 $15 (18... Qxc5 $6 19. Nbd2 $14) 19. Nbd2 Nxc5 (19... Qxc5 $2 20. Rac1 Qc6 21. Nh4 $18) 20. Rac1 {[%emt 0:00:00] [#]} (20. Nh4 $15) 20... Na4 $1 $17 {[%emt 0:06:09] White must now prevent ...Nc3.} 21. Nh4 Nc3 22. Qh5 Qe8 {[%emt 0:00:00] Prevents Qf7+.} 23. Qf3 h5 (23... Qd7 $17 {[%cal Od7g4] ...Qg4! is the strong threat.} 24. h3 Kd6 (24... Nxa2 $2 25. Ra1 $18) 25. Ne4+ Kc7 26. Nxf6 Bxf6 27. Qxf6 Qd6 28. Qf7+ Kb8) 24. Rce1 $15 Kf8 (24... Nxa2 25. Qg3 Qh8 26. f4 $18) (24... Kd6 $15 {stays ahead.}) 25. h3 (25. Ne4 $16 Bg4 (25... Nxa2 $2 {loses.} 26. Nxf6 Qc6 27. Nd7+ Ke7 28. Qf7+ Kd6 29. Qxg7 $18) 26. Qg3) 25... Ra5 (25... Nxa2 26. Qg3 (26. Ne4 Ra6 $18) 26... b5 27. Bb3 $18) (25... b5 $11 {is superior.} 26. Qxa8 bxc4 27. Nxc4 Bxh3) 26. Ne4 $14 Qe7 (26... Nxe4 $14 27. Qxe4 f5 28. Nxf5 Qg6) 27. Qxh5 $18 {[%emt 0:00:52] White is clearly winning.} Be6 28. Qxh7 {[%emt 0:00:57] Ng6+ would now be deadly.} Bf7 29. Ng6+ {[%emt 0:00:36] Weighted Error Value: White=0.24 (precise) /Black=0.49.  Loses game:     	---       	Black=1      Mistake:       	White=5     	Black=4      Inaccurate:     	White=1     	Black=5      OK:         	White=10    	Black=6      Best:        	White=6     	Black=1      Strong:       	---       	Black=2} 1-0

[Event "Lliga Catalana 2024"]
[Site "Catalonia"]
[Date "2024.03.02"]
[Round "7.5"]
[White "Colon Garcia, Enrique"]
[Black "Ventura Bolet, Alexandre"]
[Result "1-0"]
[ECO "B04"]
[WhiteElo "2260"]
[BlackElo "2252"]
[Annotator "RC"]
[PlyCount "73"]
[EventDate "2024.01.18"]
[EventType "team-tourn"]
[EventCountry "ESP"]
[SourceTitle "playchess.com"]
[Source "ChessBase"]
[SourceQuality "1"]
[TimeControl "5400+30"]

1. e4 Nf6 2. e5 Nd5 3. d4 d6 4. Nf3 dxe5 5. Nxe5 c6 6. Qf3 Be6 7. c3 Nd7 8. Nd3 g6 9. c4 N5f6 10. b3 Bg7 11. Bb2 O-O 12. Nd2 c5 13. h3 Bf5 14. g4 Bxd3 15. Qxd3 cxd4 16. Bxd4 Qc7 17. Bg2 Rad8 18. Qg3 Qxg3 19. fxg3 b6 20. Ke2 Nc5 21. Be3 Rd6 22. Rab1 Rfd8 23. b4 Na4 24. Rb3 Ne8 25. Rc1 Nc7 26. c5 bxc5 27. bxc5 Re6 28. Rc4 Nb2 29. Re4 Ra6 30. Rxe7 Ne6 31. c6 Rxa2 32. Rxe6 Nc4 33. c7 Rf8 34. Rb8 Nxd2 35. Rxf8+ Bxf8 36. Bxd2 Rc2 37. Rc6 1-0

[Event "Lliga Catalana 2024"]
[Site "Catalonia"]
[Date "2024.03.02"]
[Round "7.5"]
[White "Pi Pares, Albert"]
[Black "Leiro Giralt, Daniel"]
[Result "1-0"]
[ECO "C47"]
[WhiteElo "2240"]
[BlackElo "2152"]
[Annotator "RC"]
[PlyCount "101"]
[EventDate "2024.01.18"]
[EventType "team-tourn"]
[EventCountry "ESP"]
[SourceTitle "playchess.com"]
[Source "ChessBase"]
[SourceQuality "1"]
[TimeControl "5400+30"]

1. e4 e5 2. Nf3 Nf6 3. Nc3 Nc6 4. h3 Bb4 5. Bc4 Nxe4 6. Nxe4 d5 7. Bd3 dxe4 8. Bxe4 O-O 9. O-O Re8 10. Re1 Qf6 11. c3 Bd6 12. d4 Bf5 13. Bg5 Qg6 14. Bxc6 bxc6 15. dxe5 Bxe5 16. Rxe5 Rxe5 17. Nxe5 Qxg5 18. Qf3 Re8 19. Qxc6 Qd8 20. Re1 Re6 21. Qf3 Bg6 22. Re3 h6 23. Nc6 Qd2 24. Rxe6 fxe6 25. Ne7+ Kh7 26. Qf8 h5 27. Qg8+ Kh6 28. Nxg6 Qd1+ 29. Kh2 Qd6+ 30. g3 Kxg6 31. Qe8+ Kh6 32. Qa4 Qb6 33. Qf4+ Kh7 34. b3 g6 35. h4 Qa5 36. b4 Qxa2 37. Qxc7+ Kg8 38. Qd8+ Kf7 39. Qd7+ Kg8 40. Qe8+ Kg7 41. Qe7+ Kg8 42. Qf6 Kh7 43. Qd4 a6 44. Kg2 Qe2 45. c4 e5 46. Qc3 Qe4+ 47. Kg1 Qb1+ 48. Kh2 Qf5 49. Qe3 Qb1 50. Qa7+ Kg8 51. Qxa6 1-0

[Event "Lliga Catalana 2024"]
[Site "Catalonia"]
[Date "2024.03.02"]
[Round "7.6"]
[White "Moreno Martin-Viveros, Alvaro"]
[Black "Gonzalez Rodriguez, Jorge A."]
[Result "1-0"]
[ECO "C02"]
[WhiteElo "2159"]
[BlackElo "2217"]
[Annotator "ChessBase"]
[PlyCount "99"]
[EventDate "2024.01.18"]
[EventType "team-tourn"]
[EventCountry "ESP"]
[SourceTitle "playchess.com"]
[Source "ChessBase"]
[SourceQuality "1"]
[TimeControl "5400+30"]

1. e4 e6 2. d4 d5 3. e5 c5 4. c3 Nc6 5. Nf3 Qb6 6. Be2 Bd7 7. O-O a5 8. Na3 cxd4 9. Nb5 dxc3 10. bxc3 Nh6 11. Bg5 f6 12. exf6 Nf7 13. fxg7 Bxg7 14. Rb1 O-O 15. Be3 Qd8 16. Bc5 Re8 17. c4 b6 18. Be3 Nb4 19. cxd5 Nxa2 20. dxe6 Bxe6 21. Qxd8 Rexd8 22. Bxb6 Rdb8 23. Bd4 Bf5 24. Ra1 Nb4 25. Bxg7 Kxg7 26. Nfd4 Bd7 27. Rfc1 Bxb5 28. Nxb5 Ne5 29. Rc7+ Kh8 30. f4 Ned3 31. Bf3 Ra6 32. Nc3 Nxf4 33. Be4 Ng6 34. Rd1 a4 35. Bb7 Ra7 36. Rdd7 Nf8 37. Rg7 a3 38. Na2 Raxb7 39. Rxb7 Rxb7 40. Rxb7 Nxa2 41. Ra7 Nb4 42. Rxa3 Nd5 43. Ra7 Kg8 44. Kf2 Nf6 45. Kf3 N6d7 46. Ke4 Kf7 47. Kf5 Kg8 48. h4 Kf7 49. h5 h6 50. Ra1 1-0

[Event "Lliga Catalana 2024"]
[Site "Catalonia"]
[Date "2024.03.02"]
[Round "7.6"]
[White "Fortuny Profitos, Jordi"]
[Black "Delisau Gil, Oriol"]
[Result "1-0"]
[ECO "A45"]
[WhiteElo "2120"]
[BlackElo "2210"]
[Annotator "RC"]
[PlyCount "127"]
[EventDate "2024.01.18"]
[EventType "team-tourn"]
[EventCountry "ESP"]
[SourceTitle "playchess.com"]
[Source "ChessBase"]
[SourceQuality "1"]
[TimeControl "5400+30"]

1. d4 Nf6 2. Bf4 g6 3. Nc3 d5 4. e3 Bg7 5. h4 h5 6. Nf3 O-O 7. Ne5 c5 8. Qd2 Nc6 9. O-O-O Qa5 10. Kb1 cxd4 11. exd4 Bf5 12. f3 Rac8 13. a3 b5 14. Nxc6 Rxc6 15. Nxd5 Bxc2+ 16. Ka1 Qd8 17. Nb4 Bxd1 18. Nxc6 Qe8 19. Bxb5 a6 20. Rxd1 axb5 21. d5 Nd7 22. Re1 Nc5 23. Qc2 Na4 24. Be5 Qd7 25. Bxg7 Kxg7 26. Nxe7 Qd6 27. Qe4 Qf6 28. Qe5 Rd8 29. g4 hxg4 30. fxg4 Nb6 31. Qxf6+ Kxf6 32. g5+ Kg7 33. Rd1 Kf8 34. Nc6 Rxd5 35. Rxd5 Nxd5 36. Nd4 b4 37. a4 Ke7 38. Ka2 Kd6 39. Kb3 Kc5 40. Nc2 Ne7 41. Nxb4 Nf5 42. Nd3+ Kd6 43. Kc4 Nxh4 44. Ne1 Nf5 45. b4 Ne3+ 46. Kd4 Nd5 47. Nd3 f6 48. gxf6 Nxf6 49. Ne5 Nd5 50. b5 Ne7 51. Nc4+ Kc7 52. Kc5 g5 53. Ne5 Nc8 54. a5 Kb7 55. Ng4 Na7 56. a6+ Kb8 57. Nf6 Nxb5 58. Kxb5 Ka7 59. Ng4 Kb8 60. Kb6 Ka8 61. Nf6 g4 62. a7 g3 63. Nd5 g2 64. Ka6 1-0